 Dungeon Crawl Stone Soup version 0.31-a0-95-g6fa058ef04 (webtiles) character file.

Game seed: 3851239490407242202

205 Demosthentine the Poker (level 5, -1/41 HPs)
             Began as a Demonspawn Gladiator on May 25, 2023.
             Succumbed to a scorpion's poison
             ... on level 4 of the Dungeon.
             The game lasted 00:02:53 (2765 turns).

Demosthentine the Poker (Demonspawn Gladiator)      Turns: 2765, Time: 00:02:54

Health: -1/41      AC:  5    Str: 17    XL:     5   Next: 53%
Magic:  2/5        EV: 13    Int:  9    God:
Gold:   610        SH:  0    Dex: 14    Spells: 4/4 levels left

rFire   . . .        a - +0 trident
rCold   . . .        (no shield)
rNeg    . . .        b - +0 leather armour
rPois   .            c - +1 helmet
rElec   .            (no cloak)
rCorr   .            (no gloves)
SInv    .            (no boots)
Will    .....        l - amulet of guardian spirit
Stlth   +            (no ring)
HPRegen 0.26/turn    (no ring)
MPRegen 0.09/turn

%: guardian spirit
@: mighty, lethally poisoned (-1 -> -23), invisible
A: powered by death 1, weakness stinger 1
a: no special abilities


You were on level 4 of the Dungeon.
You visited 1 branch of the dungeon, and saw 4 of its levels.

You collected 740 gold pieces.
You spent 130 gold pieces at shops.

Inventory:

Hand Weapons
 a - a +0 trident (weapon)
Missiles
 d - 3 throwing nets (quivered)
 e - a javelin
 h - 4 boomerangs
 q - 2 poisoned darts
 s - 3 atropa-tipped darts
Armour
 b - a +0 leather armour (worn)
 c - a +1 helmet (worn)
Jewellery
 l - an amulet of guardian spirit (around neck)
Wands
 n - a wand of paralysis (6)
Scrolls
 f - a scroll of enchant armour
 p - 2 scrolls of teleportation
 r - a scroll of identify
Potions
 g - a potion of resistance
 i - a potion of brilliance
 j - a potion of lignification
 k - a potion of might
 o - a potion of curing {unknown}


   Skills:
 + Level 3.3 Fighting
 + Level 3.6 Polearms
 - Level 1.7 Throwing
 + Level 2.2 Armour
 + Level 3.6 Dodging


You had 4 spell levels left.
You didn't know any spells.
Your spell library contained the following spells:

 Spells                   Type           Power      Damage    Failure   Level
 Slow                     Hex            0%         N/A       43%         1
 Confusing Touch          Hex            0%         N/A       82%         3
 Vampiric Draining        Necr           0%         2d6       82%         3


Dungeon Overview and Level Annotations

Branches:
Dungeon (4/15)
 Temple: D:4-7

Altars:
Dithmenos
Gozag
Kikubaaqudgha
Makhleb
Nemelex Xobeh
Okawaru
Sif Muna
Uskayaw
Vehumet
Wu Jian
Xom

Shops:
D:2 *


Innate Abilities, Weirdness & Mutations

You regenerate a little health from kills.
You have a small tail.


Message History

The scorpion stings you.
A scorpion is nearby!
You hit the scorpion but do no damage.
The scorpion is lightly wounded.
The scorpion stings you.
You are poisoned.
The scorpion poisons you! The scorpion stings you.
You closely miss the scorpion.
The scorpion is lightly wounded.
You feel very sick.
The scorpion stings you but does no damage.
You puncture the scorpion!
The scorpion is heavily wounded.
You feel sick. The scorpion stings you.
You are more poisoned.
The scorpion poisons you!
You hit the scorpion.
Your tail-slap misses the scorpion.
The scorpion is almost dead.
You feel very sick. The scorpion stings you. The scorpion closely misses you.
You are too injured to fight recklessly!
You hit the scorpion but do no damage.
You punch the scorpion, but do no damage.
The scorpion is almost dead.
You feel very sick. The scorpion stings you.
* * * LOW HITPOINT WARNING * * *
You are lethally poisoned!
The scorpion poisons you!
It was a potion of might.
You feel very mighty all of a sudden.
* * * LOW HITPOINT WARNING * * *
You feel very sick. The scorpion stings you.
* * * LOW HITPOINT WARNING * * *
You are more poisoned.
The scorpion poisons you!
It was a potion of invisibility.
You fade into invisibility!
You die...

.###....##.......#...
.#......................
.#......................
.#......................
.#......................
.#.........|............
.#..................>...
<#......................
.#..............@s......
.#........#######.......
.#.......## ##..###
.#......## .# ##.....##
# ##


You could see a scorpion (unable to see you).

Vanquished Creatures
  Natasha (thrice) (D:4)
  8 adders
  2 worms
  A dart slug (D:1)
  An orc (D:4)
  7 endoplasms
  2 giant cockroaches
  6 goblins
  5 hobgoblins
  3 quokkas
  7 ball pythons
  5 bats
  4 kobolds
54 creatures vanquished.

Notes
Turn   | Place    | Note
-------+----------+-------------------------------------------
     0 | D:1      | Demosthentine the Demonspawn Gladiator began the quest for
                  | the Orb.
     0 | D:1      | Reached XP level 1. HP: 16/16 MP: 1/1
   191 | D:1      | Gained mutation: You regenerate a little health from kills.
                  | [demonic ancestry]
   191 | D:1      | Reached XP level 2. HP: 17/22 MP: 2/2
   279 | D:1      | Found a faded altar of an unknown god.
   617 | D:2      | Reached skill level 1 in Armour
   652 | D:2      | Found Ebijiod's General Store.
   664 | D:2      | Bought a throwing net for 30 gold pieces
   702 | D:2      | Reached XP level 3. HP: 19/28 MP: 3/3
  1372 | D:2      | Identified a scroll of acquirement
  1372 | D:2      | Acquired 562 gold pieces
  1407 | D:2      | Bought a potion of resistance for 100 gold pieces
  1692 | D:3      | Found an ancient bone altar of Kikubaaqudgha.
  1693 | D:3      | Found a radiant altar of Vehumet.
  1693 | D:3      | Found an ornate altar of the Wu Jian Council.
  1694 | D:3      | Found an opulent altar of Gozag.
  1696 | D:3      | Found an iron altar of Okawaru.
  1696 | D:3      | Found a sparkling altar of Nemelex Xobeh.
  1696 | D:3      | Found a burning altar of Makhleb.
  1697 | D:3      | Found a shimmering blue altar of Sif Muna.
  1723 | D:3      | Found a shadowy altar of Dithmenos.
  1943 | D:3      | Gained mutation: You have a small tail. [demonic ancestry]
  1943 | D:3      | Reached XP level 4. HP: 32/34 MP: 4/4
  2125 | D:4      | Found a hide-covered altar of Uskayaw.
  2403 | D:4      | Noticed Natasha
  2415 | D:4      | Killed Natasha
  2415 | D:4      | Noticed Natasha
  2416 | D:4      | Reached XP level 5. HP: 15/41 MP: 2/5
  2425 | D:4      | Killed Natasha
  2607 | D:4      | Noticed Natasha
  2611 | D:4      | Killed Natasha
  2704 | D:4      | Found a shimmering altar of Xom.
  2765 | D:4      | Succumbed to a scorpion's poison

Illustrated notes

Levels and vault maps discovered:
D:1:      roderic_crossed_star, layout_rooms, chequers_ecumenical_altar_island,
          minmay_pentomino_u4
D:2:      layout_loops_ring, serial_shops, shop, minmay_misc_feat_rugged
D:3:      layout_basic, grunt_dithmenos_smoke_and_mirrors,
          grunt_temple_overflow_open
D:4:      layout_basic, tgw_trog, overflow_temple_1_default,
          mainiacjoe_overflow_cross_hatched, uniq_natasha

Skill      XL: |  1  2  3  4  5 |
---------------+----------------+-----
Polearms       | 3 |  3.6
Dodging        | 3 |  3.6
Armour         | 1 2 |  2.2
Fighting       | 3 |  3.3
Throwing       | |  1.7

Action                     |  1- 3 |  4- 6 || total
---------------------------+-------+-------++-------
  Melee: Trident           |   114 |    98 ||   212
         Punch             |     2 |     3 ||     5
         Tailslap          |       |     7 ||     7
  Throw: Throwing net      |       |     1 ||     1
    Use: Scroll            |     9 |     2 ||    11
         Potion            |       |     2 ||     2
   Stab: Sleeping          |       |     1 ||     1
 Armour: Leather armour    |    36 |    31 ||    67
  Dodge: Dodged            |    54 |    81 ||   135

Table legend: (Time is in decaauts)
 A = Elapsed time spent in this place.
 B = Non-inter-level travel time spent in this place.
 C = Inter-level travel time spent in this place.
 D = Time resting spent in this place.
 E = Time spent auto-exploring this place.
 F = Levels seen in this place.
 G = Mean time per level.
                   A        B        C        D        E       F      G
               +--------+--------+--------+--------+--------+-----+--------+
         Total |   2811 |   2712 |     99 |    100 |   2092 |   4 |  702.8 |
       Dungeon |   2811 |   2712 |     99 |    100 |   2092 |   4 |  702.8 |
               +--------+--------+--------+--------+--------+-----+--------+

Top non-repeatable levels by time:
     D:2: 881 daAuts
     D:4: 732 daAuts
     D:3: 647 daAuts
     D:1: 549 daAuts
